 Dungeon Crawl Stone Soup version 0.28-a0-1412-gf95308ed99 (webtiles) character file.

Game seed: 8098142600709655907

5 Cheeritup the Caller (level 1, 0/10 HPs)
             Began as a Tengu Summoner on Jan 6, 2022.
             Slain by a quokka (3 damage)
             ... on level 1 of the Dungeon.
             The game lasted 00:00:55 (211 turns).

Cheeritup the Caller (Tengu Summoner)                Turns: 211, Time: 00:00:56

Health: 0/10       AC:  2    Str:  8    XL:     1   Next: 80%
Magic:  3/4        EV: 12    Int: 15    God:
Gold:   0          SH:  0    Dex: 14    Spells: 3/4 levels left

rFire   . . .      SeeInvis .   (no weapon)
rCold   . . .      Faith    .   (no shield)
rNeg    . . .      Spirit   .   a - +0 robe
rPois   .          Reflect  .   (helmet restricted)
rElec   .          Harm     .   (no cloak)
rCorr   .          Rampage  .   (no gloves)
Will    .....                   (boots unavailable)
Stlth   ++........              (no amulet)
HPRegen 0.03/turn               (no ring)
MPRegen 0.09/turn               (no ring)

@: no status effects
A: beak, talons 3
a: no special abilities


You were on level 1 of the Dungeon.
You visited 1 branch of the dungeon, and saw 1 of its levels.

Inventory:

Armour
 a - a +0 robe (worn)
Potions
 b - a potion of might {unknown}


   Skills:
 - Level 2.1 Dodging
 - Level 2.0 Stealth
 - Level 2.0 Spellcasting
 + Level 5.2 Summonings


You had 3 spell levels left.
You knew the following spells:

 Your Spells              Type           Power      Damage    Failure   Level
a - Summon Small Mammal   Summ           68%        N/A       2%          1

Your spell library contained the following spells:

 Spells                   Type           Power      Damage    Failure   Level
 Call Imp                 Summ           17%        N/A       4%          2
 Call Canine Familiar     Summ           17%        N/A       8%          3
 Summon Guardian Golem    Hex/Summ       9%         N/A       22%         3
 Summon Lightning Spire   Summ/Air       9%         N/A       58%         4


Dungeon Overview and Level Annotations

Branches:
Dungeon (1/15)

Altars:


Innate Abilities, Weirdness & Mutations

You have a beak for a mouth.
You have claws for feet.


Message History

Press: ? - help, Dir - move target, f - endoplasm
Aim: an endoplasm (asleep) Attack!
Casting: Summon Small Mammal (safe; 2% risk of failure)
Press: ? - help, Q - select action Dir - look around, f - activate Your quokka disappears in a puff of smoke!
Casting: Summon Small Mammal (safe; 2% risk of failure)
Press: ? - help, Q - select action Dir - look around, f - activate The endoplasm quivers.
The endoplasm closely misses your quokka.
Your quokka bites the endoplasm.
The endoplasm barely misses your quokka.
Found 10 poisoned darts.
Your quokka bites the endoplasm.
You hit the endoplasm. You claw the endoplasm. Your peck misses the endoplasm.
The endoplasm is almost dead.
Your quokka bites the endoplasm.
The endoplasm dies!
The hobgoblin shouts!
Your quokka bites the hobgoblin.
The hobgoblin barely misses your quokka.
You swap places.
Your quokka closely misses the hobgoblin.
The hobgoblin barely misses you.
You closely miss the hobgoblin. You peck the hobgoblin.
The hobgoblin is heavily wounded.
Your quokka closely misses the hobgoblin.
The hobgoblin barely misses you.
Your quokka closely misses the hobgoblin.
You barely miss the hobgoblin.
You peck the hobgoblin, but do no damage.
The hobgoblin is heavily wounded.
Your quokka bites the hobgoblin.
Your quokka barely misses the hobgoblin.
The hobgoblin hits you.
You barely miss the hobgoblin. You peck the hobgoblin.
You kill the hobgoblin!
You swap places.
The quokka bites you.
* * * LOW HITPOINT WARNING * * *
The quokka bites you.
You die...

##.#####...#
#...........
#..####.#..# #..# #(#.#
#..# #.#.# #..# #.#.# .
.#######..## #.#.# #..
...........###.#r###..#
####.####......r@r...##
#.# #.............# #.#
######.#######.# #.#
#..) #.# ##### #.#
####.# .....# ######


You could see a quokka (ally target) and 2 friendly quokkas.

Vanquished Creatures
  A hobgoblin (D:1)
  A quokka (D:1)
2 creatures vanquished.

Vanquished Creatures (collateral kills)
  An endoplasm (D:1)
  A giant cockroach (D:1)
2 creatures vanquished.

Grand Total: 4 creatures vanquished

Notes
Turn   | Place    | Note
-------+----------+-------------------------------------------
     0 | D:1      | Cheeritup the Tengu Summoner began the quest for the Orb.
     0 | D:1      | Reached XP level 1. HP: 10/10 MP: 4/4
   178 | D:1      | Reached skill level 5 in Summonings
   211 | D:1      | Slain by a quokka

Illustrated notes

Levels and vault maps discovered:
D:1:      nicolae_arrival_memento_mori, layout_loops_ring

Skill      XL: |  1 |
---------------+----+-----
Summonings     | 5 |  5.2
Dodging        | |  2.1
Stealth        | |  2.0
Spellcasting   | |  2.0

Action                   || total
-------------------------++-------
Melee: Unarmed           ||     9
       Peck              ||     3
       Kick              ||     2
 Cast: Summon Small Mamm ||     3
 Stab: Sleeping          ||     1
Dodge: Dodged            ||     5

Table legend: (Time is in decaauts)
 A = Elapsed time spent in this place.
 B = Non-inter-level travel time spent in this place.
 C = Inter-level travel time spent in this place.
 D = Time resting spent in this place.
 E = Time spent auto-exploring this place.
 F = Levels seen in this place.
 G = Mean time per level.
                   A        B        C        D        E       F      G
               +--------+--------+--------+--------+--------+-----+--------+
         Total |    211 |    211 |      0 |    123 |      0 |   1 |  211.0 |
       Dungeon |    211 |    211 |      0 |    123 |      0 |   1 |  211.0 |
               +--------+--------+--------+--------+--------+-----+--------+

Top non-repeatable levels by time:
     D:1: 211 daAuts
